 Dungeon Crawl Stone Soup version bcrawl-1.15.1-4-g77d781cab4 (webtiles) character file.

Game seed: 10853817183670831005

294 FishyPogo the Skirmisher (level 6, -2/57 HPs)
             Began as a Minotaur Monk on Oct 5, 2019.
             Slain by Blork the orc
             ... wielding a +2 trident of distortion
              (3 damage)
             ... on level 4 of the Dungeon.
             The game lasted 00:08:13 (2984 turns).

FishyPogo the Skirmisher (Minotaur Monk)            Turns: 2984, Time: 00:08:13

Health: -2/57      AC:  4    Str: 17    XL:     6   Next: 11%
Magic:  0/6        EV: 14    Int:  7    God:
Gold:   238        SH:  1    Dex: 13    Spells: 5/5 levels left

rFire    . . .     SeeInvis .   a - +2 falchion (flame)
rCold    + . .     Gourm    .   (no shield)
rNeg     . . .     Faith    .   b - +0 robe
rPois    .         Spirit   +   c - +0 hat
rElec    .         Reflect  .   (no cloak)
rCorr    .         Harm     .   e - +0 pair of gloves
MR       .....                  w - +0 pair of boots
Stlth    ++........             d - amulet of guardian spirit
HPRegen  0.19/turn              h - ring of protection from cold
MPRegen  0.10/turn              (no ring)

@: no status effects
A: retaliatory headbutt, horns 2
a: no special abilities


You were on level 4 of the Dungeon.
You were not hungry.

You visited 1 branch of the dungeon, and saw 4 of its levels.

You collected 238 gold pieces.

Inventory:

Hand Weapons
 a - a +2 falchion of flaming (weapon)
Missiles
 j - 985 stones (quivered)
 l - a throwing net {!f}
Armour
 b - a +0 robe (worn)
 c - a +0 hat (worn)
 e - a +0 pair of gloves (worn)
 w - a +0 pair of boots (worn)
Jewellery
 d - an amulet of guardian spirit (around neck)
 h - a ring of protection from cold (left hand)
Scrolls
 g - 6 scrolls of teleportation {unknown}
 i - 2 scrolls of magic mapping {unknown}
 k - 4 scrolls of identify {unknown}
 m - a scroll of enchant armour {unknown}
 n - 2 scrolls of remove curse {unknown}
 s - 4 scrolls of amnesia {unknown}
 t - a scroll of enchant weapon {unknown}
Potions
 o - a potion of magic {unknown}
 p - a potion of mutation {unknown}
 q - a potion of ambrosia {unknown}
 u - a potion of berserk rage
 v - a potion of heal wounds
 x - a potion of curing {unknown}
 z - a potion of agility {unknown}
Comestibles
 f - 10 rations {!d}
 r - 4 chunks of flesh


   Skills:
 * Level 5.7 Fighting
 + Level 4.6 Long Blades
 + Level 1.8 Throwing
 * Level 5.1 Dodging
 - Level 2.0 Stealth
   Level 2.0 Invocations


You had 5 spell levels left.
You didn't know any spells.
Your spell library was empty.

Dungeon Overview and Level Annotations

Branches:
Dungeon (4/12)
 Temple: D:4-7

Altars:
Cheibriados
Xom

Annotations:
D:4 Blork the orc


Innate Abilities, Weirdness & Mutations

You reflexively headbutt those who attack you in melee.
You have a pair of horns on your head.


Message History

Blork the orc is heavily wounded.
Blork the orc gestures at you while chanting.
The puff of flame hits you!
You closely miss Blork the orc.
Blork the orc is heavily wounded.
Blork the orc hits you with a +2 trident of distortion.
Space bends around you.
You barely miss Blork the orc.
Blork the orc is heavily wounded.
Blork the orc screams, "I'll break your arms!"
Blork the orc hits you with a +2 trident of distortion!
* * * LOW HITPOINT WARNING * * *
You blink.
You see here a ring mail.
Blork the orc hits you from afar with a +2 trident of distortion.
* * * LOW HITPOINT WARNING * * *
Space warps horribly around you!
* * * LOW HITPOINT WARNING * * *
Blork the orc hits you with a +2 trident of distortion.
You die...

# #......# ...# #
#......##...# ##
#.......#...### .#
............. .#
........### .######
######.#.(..... .......
...#..).......
##############.#.o#.......
....# #)........@.#.......
###.# #.........####..####
# #.# #.......[># ..#
###.###.........# ..#
............<...# >#
#...###.........# .# .#.##
#.........# .#.
#.........#
#..............#


You could see Blork the orc.

Vanquished Creatures
  A scorpion (D:3)
  An orc priest (D:4)
  2 orc wizards (D:4)
  3 gnolls (D:2)
  An adder (D:3)
  An ooze (D:2)
  An adder zombie (D:4)
  4 worms
  2 dart slugs
  4 leopard geckos
  8 orcs (D:4)
  5 giant cockroaches
  3 goblins
  15 hobgoblins
  10 kobolds
  4 quokkas
  2 ball pythons
  8 bats
  3 frilled lizards
  8 rats
86 creatures vanquished.

Notes
Turn   | Place    | Note
-------+----------+-------------------------------------------
     0 | D:1      | FishyPogo the Minotaur Monk began the quest for the Orb.
     0 | D:1      | Reached XP level 1. HP: 19/19 MP: 1/1
   114 | D:1      | Reached XP level 2. HP: 25/27 MP: 2/2
   612 | D:1      | Reached XP level 3. HP: 23/33 MP: 3/3
  1013 | D:2      | Reached skill level 1 in Throwing
  1013 | D:2      | Reached XP level 4. HP: 38/41 MP: 2/4
  1804 | D:3      | Reached skill level 5 in Fighting
  2061 | D:3      | Found a snail-covered altar of Cheibriados.
  2061 | D:3      | Found a shimmering altar of Xom.
  2240 | D:3      | Reached XP level 5. HP: 27/48 MP: 2/5
  2531 | D:4      | Noticed Blork the orc
  2573 | D:4      | Reached skill level 5 in Dodging
  2590 | D:4      | HP: 1/49 [orc priest/divine providence (11)]
  2596 | D:4      | Reached XP level 6. HP: 4/57 MP: 1/6
  2983 | D:4      | HP: 1/57 [Blork the orc/+2 trident of distortion (11)]
  2984 | D:4      | Slain by Blork the orc

Skill      XL: |  1  2  3  4  5 |
---------------+----------------+-----
Fighting       | 4 5 |  5.7
Stealth        | 2 |  2.0
Long Blades    | 4 |  4.6
Dodging        | 4 5 |  5.1
Throwing       | 1 |  1.8
Invocations    | |  2.0

Action                   |  1- 3 |  4- 6 || total
-------------------------+-------+-------++-------
Melee: Falchion          |    75 |   126 ||   201
       Headbutt          |    19 |    21 ||    40
       Short sword       |       |     5 ||     5
Throw: Stone             |       |    12 ||    12
  Use: Potion            |     1 |     1 ||     2
       Scroll            |       |     2 ||     2
 Stab: Sleeping          |     6 |     4 ||    10
       Distracted        |       |     2 ||     2
  Eat: Chunk             |       |     7 ||     7
Armor: Robe              |    10 |    20 ||    30
Dodge: Dodged            |    45 |    77 ||   122
Block: Other             |     2 |       ||     2
